 Dungeon Crawl Stone Soup version 0.29.1-15-g9cfb28693d (webtiles) character file.

Game seed: 10146236503381372903

2783 Sanktem7 the Cleaver (level 9, -6/79 HPs)
             Began as a Minotaur Fighter on Mar 15, 2023.
             Was a Priest of Okawaru.
             Mangled by a two-headed ogre
             ... wielding a +0 giant club
              (27 damage)
             ... on level 8 of the Dungeon.
             The game lasted 00:11:14 (7203 turns).

Sanktem7 the Cleaver (Minotaur Fighter)             Turns: 7203, Time: 00:11:15

Health: -6/79      AC: 16    Str: 26    XL:     9   Next: 43%
Magic:  10/10      EV:  7    Int:  5    God:    Okawaru [***...]
Gold:   526        SH:  5    Dex:  9    Spells: 8/8 levels left

rFire   x . .      SeeInvis .   f - +0 broad axe (flame) {axe}
rCold   + . .      Faith    .   c - +0 buckler
rNeg    . . .      Spirit   .   m - +0 plate armour
rPois   .          Reflect  .   (helmet restricted)
rElec   .          Harm     .   (no cloak)
rCorr   +          Rampage  .   v - +0 pair of gloves
Will    .....                   A - +0 pair of boots
Stlth   ..........              (no amulet)
HPRegen 0.23/turn               w - ring of resist corrosion
MPRegen 0.12/turn               s - ring of ice

@: no status effects
A: horns 2, retaliatory headbutt
a: Renounce Religion, Heroism


You were on level 8 of the Dungeon.
You worshipped Okawaru.
Okawaru was most pleased with you.
You visited 2 branches of the dungeon, and saw 9 of its levels.
You also visited: Sewer.

You collected 526 gold pieces.


Innate Abilities, Weirdness & Mutations

You have a pair of horns on your head.
You reflexively headbutt those who attack you in melee.


   Skills:
 + Level 7.6 Fighting
 * Level 9.8 Axes
 + Level 7.6 Armour
 + Level 7.4 Shields
 + Level 3.4 Invocations


You had 8 spell levels left.
You didn't know any spells.
Your spell library contained the following spells:

 Spells                   Type           Power      Damage    Failure   Level
 Freeze                   Ice            0%         1d3       100%        1
 Poisonous Vapours        Pois/Air       0%         N/A       100%        2
 Sublimation of Blood     Necr           0%         N/A       100%        2
 Wereblood                Tmut           0%         N/A       100%        2
 Frozen Ramparts          Ice            0%         1d1       100%        3
 Corpse Rot               Necr/Pois/Air  0%         N/A       100%        4
 Hailstorm                Conj/Ice       0%         3d3       100%        4
 Borgnjor's Vile Clutch   Necr/Erth      0%         N/A       100%        5
 Fireball                 Conj/Fire      0%         3d3       100%        5
 Starburst                Conj/Fire      0%         6d3       100%        6
 Ignition                 Fire           0%         3d3       100%        8
 Animate Dead             Necr           Unusable   N/A       N/A         4
 Death Channel            Necr           Unusable   N/A       N/A         6
 Summon Hydra             Summ           Unusable   N/A       N/A         7

Inventory:

Hand Weapons
 f - a +0 broad axe of flaming (weapon) {axe}
   (You acquired it on level 4 of the Dungeon)
Missiles
 i - 63 stones (quivered) {throwing}
 l - 6 atropa-tipped darts {throwing}
 o - 4 datura-tipped darts {throwing}
 x - 5 boomerangs {throwing}
 y - 15 poisoned darts {throwing}
 C - 3 curare-tipped darts {=fthrowing}
Armour
 c - a +0 buckler (worn)
 e - a +0 pair of boots
   (You found it on level 1 of the Dungeon)
 m - a +0 plate armour (worn)
   (You found it on level 1 of the Dungeon)
 v - a +0 pair of gloves (worn)
   (You found it on level 3 of the Dungeon)
 A - a +0 pair of boots (worn)
   (You found it on level 6 of the Dungeon)
Jewellery
 s - a ring of ice (right hand)
   (You found it on level 2 of the Dungeon)
 w - a ring of resist corrosion (left hand)
   (You found it on level 3 of the Dungeon)
 E - an amulet of faith {!P}
   (You found it on level 4 of the Dungeon)
Wands
 a - a wand of polymorph (3)
   (You found it on level 5 of the Dungeon)
 J - a wand of paralysis (6)
   (You found it on level 7 of the Dungeon)
Scrolls
 g - a scroll of fear
 h - a scroll of brand weapon {unknown}
 k - 11 scrolls of teleportation {@r4}
 n - 5 scrolls of identify {@r1}
 p - a scroll of magic mapping {!r}
 z - a scroll of poison {!r}
 F - 2 scrolls of blinking {unknown}
 H - a scroll of silence {!r}
 I - 2 scrolls of summoning
 L - a scroll of immolation {unknown}
 M - 2 scrolls of butterflies {unknown}
Potions
 b - 7 potions of flight
 d - 4 potions of might
 j - 3 potions of lignification {!q}
 q - 5 potions of heal wounds {@q2}
 r - 2 potions of cancellation
 t - 5 potions of brilliance {unknown}
 u - 3 potions of haste {@q3}
 B - 2 potions of attraction {unknown}
 D - 2 potions of ambrosia {unknown}
 G - 2 potions of magic {unknown}
 K - 2 potions of resistance {unknown}

Dungeon Overview and Level Annotations

Branches:
Dungeon (8/15) Zot: 26828  Temple (1/1) D:4 Zot: 5985   Sewer (visited)
   Lair: D:8-11

Altars:
Ashenzari
Cheibriados
Elyvilon
Fedhas
Gozag
Hepliaklqana
Kikubaaqudgha
Makhleb
Nemelex Xobeh
Okawaru
Qazlal
Sif Muna
Trog
Uskayaw
Vehumet
Wu Jian
Xom
Yredelemnul
Zin
The Shining One

Annotations:
D:7 2 transporters, growler's ghost, novice DECj

#.# #.###.#..#.###.###...#.##
#.####.##.............<.#.#...
#..................###........
########.....###### #.##.####
...###..# #.##.#
#.#.###..########.##.#
#.#..................# #
###.#..##########..# #.@# ..#
#{O# .# ..... .# ###...# .
#...# #. #(... #..## #..#


You could see a two-headed ogre.


Message History

You see here a +0 club {mace}.
You see here a +1 robe of positive energy.
You see here a +0 plate armour.
Partly explored, unvisited transporter and can't reach some items.
Partly explored, unvisited transporter and can't reach some items.
You see here a +1 robe of positive energy.
There is a stone staircase leading down here.
You climb downwards.
There is a stone staircase leading up here.
k - 11 scrolls of teleportation {@r4} (gained 1)
You now have 474 gold pieces (gained 22).
You now have 491 gold pieces (gained 17).
Found an ornate altar of the Wu Jian Council.
i - 46 stones {throwing} (gained 3)
i - 51 stones {throwing} (gained 5)
i - 57 stones {throwing} (gained 6)
You now have 508 gold pieces (gained 17).
You now have 526 gold pieces (gained 18).
n - 4 scrolls of identify {@r1} (gained 1)
i - 63 stones {throwing} (gained 6)
n - 5 scrolls of identify {@r1} (gained 1)
q - 5 potions of heal wounds {@q2} (gained 1)
Found a stone staircase leading down.
Found a stone staircase leading up.
j - 3 potions of lignification {!q} (gained 1)
You see here a +2 dagger of draining {short}.
y - 15 poisoned darts {throwing} (gained 4)
An orc and an orc wizard come into view.
The orc is wielding a +0 dagger of speed.
The orc shouts!
The orc wizard shouts!
You hear a shout!
An orc comes into view. It is wielding a +1 dagger of flaming.
An orc wizard comes into view. It is wielding a +0 dagger.
The orc wizard moves out of view.
The orc shouts!
The orc wizard gestures wildly while chanting.
The orc wizard flickers and vanishes!
Deactivating autopickup; reactivate with Ctrl-A.
A two-headed ogre comes into view.
It is wielding a +0 giant club and a +0 dire flail.
The two-headed ogre shouts in stereo!
You slash the orc! You burn the orc.
You kill the orc!
Okawaru accepts your kill.
You hit the orc. You burn the orc.
The orc hits you with a +1 dagger of flaming.
The orc burns you. 😕 HP[-2]
You take 2 damage, and now have 77/79 hp.
You slash the orc! You burn the orc.
You kill the orc!
Okawaru accepts your kill.
You miss the orc wizard.
The orc wizard hits you with a +0 dagger. 😕 HP[-3]
You take 3 damage, and now have 74/79 hp.
You slash the orc wizard! You burn the orc wizard.
You kill the orc wizard!
Okawaru accepts your kill.
You barely miss something. Something hits you but does no damage.
You barely miss something. Something hits you but does no damage.
You miss something.
Something hits you but does no damage. 😕 HP[+1]
You miss something.
You hit the two-headed ogre but do no damage.
You slash the two-headed ogre! You burn the two-headed ogre.
You headbutt the two-headed ogre. You barely miss something.
You block the two-headed ogre's attack.
The two-headed ogre hits you with a +0 dire flail.
Something hits you but does no damage. x2 😕 HP[-6]
You take 6 damage, and now have 69/79 hp.
You slash the two-headed ogre! You burn the two-headed ogre.
You closely miss something.
The two-headed ogre hits you with a +0 giant club!
The two-headed ogre hits you with a +0 dire flail.
You hear some strange, mumbled words.
A puff of flame appears from out of thin air!
You block the puff of flame. 😮 HP[-20]
You take 20 damage, and now have 49/79 hp.
MASSIVE DAMAGE!! (PAUSE)
You hit the two-headed ogre. You burn the two-headed ogre. You miss something.
You block the two-headed ogre's attack. x2
Something hits you but does no damage.
You barely miss the two-headed ogre. You headbutt the two-headed ogre!
You miss something. Something hits you but does no damage.
The two-headed ogre hits you with a +0 giant club!
* * * LOW HITPOINT WARNING * * *
The two-headed ogre hits you with a +0 dire flail!
* * * LOW HITPOINT WARNING * * *
😨 HP[-28]
You take 28 damage, and now have 21/79 hp.
MASSIVE DAMAGE!! (PAUSE)
You barely miss the two-headed ogre. You slash something! You burn something.
Something hits you.
* * * LOW HITPOINT WARNING * * *
You barely miss the two-headed ogre.
Your headbutt misses the two-headed ogre.
You closely miss something.
The two-headed ogre hits you with a +0 giant club!!
You die...

Skill      XL: |  1  2  3  4  5  6  7  8  9 |
---------------+----------------------------+-----
Axes           | 3 4 5 6 7 9 |  9.8
Fighting       | 4 5 6 7 |  7.6
Armour         | 4 5 6 7 |  7.6
Shields        | 4 5 6 7 |  7.4
Invocations    | 2 3 |  3.4

Action                   |  1- 3 |  4- 6 |  7- 9 || total
-------------------------+-------+-------+-------++-------
Melee: War axe           |    84 |   173 |       ||   257
       Headbutt          |    15 |    17 |    28 ||    60
       Morningstar       |       |    23 |       ||    23
       Broad axe         |       |     5 |   179 ||   184
  Use: Scroll            |       |    12 |       ||    12
       Potion            |       |       |     1 ||     1
Armor: Scale mail        |    24 |       |       ||    24
       Plate armour      |    17 |   133 |   110 ||   260
Dodge: Dodged            |    39 |    51 |    38 ||   128
Block: Buckler           |    13 |    46 |    42 ||   101

Levels and vault maps discovered:
D:1:      noname_arrival_rooms_in_the_neighbourhood, layout_loops_ring,
          hellmonk_ecumenical_altar_slurped_away, minmay_shallow_snake_nest
D:2:      layout_rooms, basic_altar, minmay_door_square, kennysheep_nub,
          serial_park_tiny_1
D:3:      minmay_octagon_keep, layout_basic, worldfamousw_hep_ancestral_shrine,
          mainiacjoe_overflow_paths
D:4:      layout_basic, mainiacjoe_overflow_24_doors, kennysheep_mini,
          minmay_temple_entry_glassed_door, portal_sewer_entry_f,
          kennysheep_small_circle
D:5:      layout_loops_ring, chequers_temple_overflow_statue_of_worship
D:6:      layout_cave_pools, nemelex_spade_bored_becter,
          gammafunk_temple_overflow_pools
D:7:      layout_loops_cross, led_sif_book, gammafunk_ghost_berserking_beasts,
          uniq_prince_ribbit1
D:8:      layout_loops_ring, nzn_wu_jian_contemplation
Temple:   nicolae_temple_cloud_nine

Notes
Turn   | Place    | Note
-------+----------+-------------------------------------------
     0 | D:1      | Sanktem7 the Minotaur Fighter began the quest for the Orb.
     0 | D:1      | Reached XP level 1. HP: 19/19 MP: 0/0
     0 | D:1      | magus.rc [v1.9.6]
   116 | D:1      | Found a faded altar of an unknown god.
   402 | D:1      | Reached XP level 2. HP: 27/27 MP: 1/1
   550 | D:1      | Reached skill level 3 in Axes
   808 | D:1      | Reached skill level 4 in Fighting
   808 | D:1      | Reached skill level 4 in Armour
   808 | D:1      | Reached XP level 3. HP: 26/33 MP: 2/2
  1008 | D:2      | Reached skill level 4 in Shields
  1150 | D:2      | Found a broken altar of Ashenzari.
  1634 | D:3      | Reached XP level 4. HP: 35/40 MP: 3/3
  1709 | D:3      | You pick up a book of Unlife and begin reading...
  1709 | D:3      | You add the spells Animate Dead, Borgnjor's Vile Clutch and
                  | Death Channel to your library.
  1742 | D:3      | Reached skill level 4 in Axes
  1867 | D:3      | Found a hazy altar of Hepliaklqana.
  2088 | D:3      | Identified the +5 morningstar of Pain and Death {protect,
                  | SInv}
  2217 | D:3      | Found an opulent altar of Gozag.
  2381 | D:4      | Found a glowing drain.
  2411 | Sewer    | Entered a sewer
  2502 | Sewer    | Reached XP level 5. HP: 47/47 MP: 4/4
  2733 | Sewer    | Reached skill level 5 in Axes
  2931 | D:4      | Reached XP level 6. HP: 55/55 MP: 5/5
  2974 | D:4      | Found a staircase to the Ecumenical Temple.
  2978 | Temple   | Entered the Ecumenical Temple
  2985 | Temple   | Became a worshipper of Warmaster Okawaru
  3049 | D:4      | Reached skill level 5 in Fighting
  3049 | D:4      | Reached skill level 5 in Armour
  3173 | D:4      | You pick up a book of Frost and begin reading...
  3173 | D:4      | You add the spells Freeze, Frozen Ramparts and Hailstorm to
                  | your library.
  3251 | D:4      | Reached skill level 5 in Shields
  3316 | D:4      | Found a glowing golden altar of the Shining One.
  3490 | D:4      | Found a bloodstained altar of Trog.
  3602 | D:4      | Identified a scroll of acquirement
  3602 | D:4      | Acquired a +0 broad axe of flaming
  3871 | D:5      | Entered Level 5 of the Dungeon
  3912 | D:5      | Reached skill level 6 in Axes
  3912 | D:5      | Reached XP level 7. HP: 50/61 MP: 6/6
  3967 | D:5      | You pick up a book of Blood and begin reading...
  3967 | D:5      | You add the spells Sublimation of Blood and Wereblood to
                  | your library.
  3979 | D:5      | Reached * piety under Okawaru
  4171 | D:5      | You pick up a book of Fire and begin reading...
  4171 | D:5      | You add the spells Fireball, Starburst and Ignition to your
                  | library.
  4270 | D:5      | Found a white marble altar of Elyvilon.
  4273 | D:5      | Found a snail-covered altar of Cheibriados.
  4382 | D:5      | Reached skill level 7 in Axes
  4509 | D:5      | Reached skill level 6 in Fighting
  4509 | D:5      | Reached skill level 6 in Armour
  4785 | D:6      | Reached skill level 6 in Shields
  4791 | D:6      | Reached XP level 8. HP: 58/70 MP: 7/7
  4906 | D:6      | Reached ** piety under Okawaru
  4907 | D:6      | Reached skill level 1 in Invocations
  4940 | D:6      | Reached skill level 8 in Axes
  5024 | D:6      | You pick up a book of Vapours and begin reading...
  5024 | D:6      | You add the spells Poisonous Vapours and Corpse Rot to your
                  | library.
  5278 | D:6      | Found a shimmering altar of Xom.
  5278 | D:6      | Found a broken altar of Ashenzari.
  5336 | D:6      | Reached skill level 2 in Invocations
  5480 | D:6      | Found a sparkling altar of Nemelex Xobeh.
  5716 | D:7      | Reached skill level 7 in Fighting
  5716 | D:7      | Reached skill level 7 in Armour
  5886 | D:7      | Noticed a seven-headed hydra
  5886 | D:7      | Noticed a moth of wrath
  5891 | D:7      | Noticed Prince Ribbit
  5892 | D:7      | Found a transporter.
  5908 | D:7      | HP: 18/72 [Prince Ribbit (4)]
  5914 | D:7      | HP: 6/72 [Prince Ribbit (11)]
  5924 | D:7      | HP: 16/72 [Prince Ribbit (11)]
  5925 | D:7      | Killed Prince Ribbit
  5926 | D:7      | Reached skill level 9 in Axes
  5926 | D:7      | Reached skill level 7 in Shields
  5926 | D:7      | Reached XP level 9. HP: 18/79 MP: 8/10
  6225 | D:7      | Found a transporter.
  6226 | D:7      | Noticed growler's ghost (novice DECj)
  6265 | D:7      | Noticed a troll
  6270 | D:7      | Killed a troll
  6271 | D:7      | Reached skill level 3 in Invocations
  6441 | D:7      | Reached *** piety under Okawaru
  6510 | D:7      | Found a shimmering blue altar of Sif Muna.
  6606 | D:7      | You pick up a book of Blood and begin reading...
  7060 | D:8      | Found an ornate altar of the Wu Jian Council.
  7190 | D:8      | Noticed a two-headed ogre
  7203 | D:8      | Mangled by a two-headed ogre

Vanquished Creatures
  A troll (D:7)
  Prince Ribbit (D:7)
  A wyvern (D:7)
  An orc warrior (D:7)
  2 ice beasts
  7 ogres
  A phantom (D:4)
  A bullfrog (D:6)
  5 scorpions
  3 wights (D:7)
  3 howler monkeys (D:7)
  4 hounds
  3 jellies
  An orc priest (D:7)
  4 orc wizards
  A merfolk siren (Sewer)
  A merfolk avatar (Sewer)
  A gnoll (D:3)
  10 adders
  A river rat (Sewer)
  A shadow imp (D:7)
  2 white imps
  3 worms
  A dart slug (D:2)
  24 orcs
  8 endoplasms
  7 giant cockroaches
  11 goblins
  5 hobgoblins
  10 quokkas
  16 ball pythons
  8 bats
  9 frilled lizards
  7 kobolds
  33 rats
197 creatures vanquished.

Vanquished Creatures (others)
  2 plants (D:1)
2 creatures vanquished.

Grand Total: 199 creatures vanquished

Table legend:
 A = Non-vault XP
 B = Vault XP
 C = Vault XP percentage of total XP
 D = Non-vault monster count
 E = Vault monster count
 F = Vault count percentage of total count
                 A         B        C        D         E       F
            +---------+---------+-------+---------+---------+-------
      Total |    3460 |     516 |  13.0 |     130 |      67 |  34.0
            +---------+---------+-------+---------+---------+-------
        D:1 |      30 |      11 |  26.8 |      21 |       7 |  25.0
        D:2 |      46 |       0 |   0.0 |      20 |       0 |   0.0
        D:3 |      56 |      34 |  37.8 |      25 |      13 |  34.2
        D:4 |     239 |      13 |   5.2 |       6 |       6 |  50.0
        D:5 |     749 |       0 |   0.0 |      24 |       0 |   0.0
        D:6 |     988 |       0 |   0.0 |      14 |       0 |   0.0
        D:7 |    1310 |     277 |  17.5 |      17 |       1 |   5.6
        D:8 |      42 |       0 |   0.0 |       3 |       0 |   0.0
      Sewer |       0 |     181 | 100.0 |       0 |      40 | 100.0
            +---------+---------+-------+---------+---------+-------

Illustrated notes

Table legend:
 A = Kills in this place as a percentage of kills in entire the game.
 B = Kills by you in this place as a percentage of kills by you in the entire game.
 C = Kills by friends in this place as a percentage of kills by friends in the entire game.
 D = Other kills in this place as a percentage of other kills in the entire game.
 E = Experience gained in this place as a percentage of experience gained in the entire game.
 F = Experience gained in this place divided by the number of levels of this place that you have seen.
                   A       B       C       D       E      F
               +-------+-------+-------+-------+-------+----------------------
         Total | 100.0 | 100.0 |   N/A |   N/A | 100.0 | 397.6
       Dungeon |  79.7 |  79.7 |   N/A |   N/A |  95.4 | 474.4
         Sewer |  20.3 |  20.3 |   N/A |   N/A |   4.6 | 181.0
               +-------+-------+-------+-------+-------+----------------------

Table legend: (Time is in decaauts)
 A = Elapsed time spent in this place.
 B = Non-inter-level travel time spent in this place.
 C = Inter-level travel time spent in this place.
 D = Time resting spent in this place.
 E = Time spent auto-exploring this place.
 F = Levels seen in this place.
 G = Mean time per level.
                   A        B        C        D        E       F      G
               +--------+--------+--------+--------+--------+-----+--------+
         Total |   7388 |   7266 |    122 |    387 |   5567 |  10 |  738.8 |
       Dungeon |   6799 |   6677 |    122 |    387 |   5219 |   8 |  849.9 |
        Temple |     14 |     14 |      0 |      0 |      0 |   1 |   14.0 |
         Sewer |    574 |    574 |      0 |      0 |    348 |   1 |  574.0 |
               +--------+--------+--------+--------+--------+-----+--------+

Top non-repeatable levels by time:
     D:7: 1368 daAuts
     D:4: 1026 daAuts
     D:1: 1021 daAuts
     D:5: 929 daAuts
     D:6: 906 daAuts
     D:3: 807 daAuts
   Sewer: 574 daAuts
     D:2: 569 daAuts
     D:8: 170 daAuts
  Temple: 14 daAuts
